cohdb
Replays
Latest Replays
All Replays
Popular Replays
Top Player Replays
Match Explorer
How It Works
Community
CoH3 Stats
Reddit
Sign in to upload your games and track your stats! →
Sign in with Steam
Match 40148614
Unlisted
Match 40148614
Overview
Messages
Build Orders
End
Royal Engineer Section
Construct Section Command Post
Infantry Section
Dingo Light Scout Car
Infantry Section
Construct Platoon Command Post
6-pounder Anti-tank Gun Team
Construct Company Command Post
Selects Air and Sea Battlegroup
Selects Supply Surplus
Selects UNKNOWN (223837)
Centaur IV Medium Tank
Centaur IV Medium Tank
Selects Commando Section Paradrop
Selects Commando Support Section Paradrop
Infantry Training
Foot Guards Section
Unlock M3 Grant Medium Tanks
M3 Grant Medium Tank
M3 Grant Medium Tank
Selects Naval Bombardment
Naval Bombardment
Royal Engineer Section
M3 Grant Medium Tank
Selects Anti-tank Rocket Loiter
Anti-tank Rocket Loiter
M3 Grant Medium Tank
ßoo
ShinobiRAGE
?
-BumbleBEE-
Fabioski
Ratcoon
jungi9405
Saddam The Bomb
0
0
Comments
sign in to comment!
No comments posted yet!